[Event "Titled Tuesday Blitz June 20 Early 2023"]
[White "Perez Rodriguez, Jennifer"]
[Black "Itgelt, Khuyagtsogt"]
[WhiteFideId "3507831"]
[BlackFideId "4902912"]
[WhiteElo "2116"]
[BlackElo "2227"]
[Result "0-1"]
[Round "2"]
[TimeControl "180+2"]
[Date "2023.06.20"]
[WhiteClock "0:00:12"]
[BlackClock "0:00:27"]
[Board "94"]

1. e4 e6 2. d4 d5 3. Bd3 c5 4. exd5 exd5 5. Nf3 c4 6. Be2 Bd6 7. O-O Nf6 8. b3 cxb3 9. axb3 O-O 10. c4 Nc6 11. Nc3 Bb4 12. Bb2 Re8 13. Nxd5 Nxd5 14. cxd5 Qxd5 15. Bc4 Qd8 16. d5 Na5 17. Qd4 Bf8 18. Bd3 b6 19. Bc2 Ba6 20. Rfe1 Rc8 21. Rxe8 Qxe8 22. Re1 Qd7 23. Qe4 g6 24. Ne5 Qc7 25. Ng4 Qxc2 26. Nf6+ Kh8 27. Nd7+ Qxb2 28. Nxf8 Rxf8 29. d6 Qf6 30. d7 Kg7 31. Qe8 Bb5 32. Qxf8+ Kxf8 33. Re8+ Kg7 34. d8=Q Qa1+ 0-1


[Site "https://www.chess.com"]

[Event "Titled Tuesday Blitz June 20 Early 2023"]
[White "Postny, Evgeny"]
[Black "Zilleruelo Irizarry, Diego"]
[WhiteFideId "2804344"]
[BlackFideId "3101460"]
[WhiteElo "2504"]
[BlackElo "2009"]
[Result "1-0"]
[Round "2"]
[TimeControl "180+2"]
[Date "2023.06.20"]
[WhiteClock "0:00:23"]
[BlackClock "0:00:00"]
[Board "95"]

1. e4 c6 2. d4 d5 3. Nc3 dxe4 4. Nxe4 Bf5 5. Ng3 Bg6 6. h4 h6 7. Nf3 Nd7 8. Bd3 Bxd3 9. Qxd3 e6 10. Bf4 Ngf6 11. O-O-O Qa5 12. Kb1 Nd5 13. Bd2 Qc7 14. c4 N5f6 15. Bc3 O-O-O 16. Qe2 Bd6 17. Ne4 Nxe4 18. Qxe4 Nf6 19. Qe2 Rhe8 20. a3 c5 21. Rhe1 cxd4 22. Nxd4 a6 23. Nb3 Qc6 24. g3 Bc7 25. Nd4 Qc5 26. b4 Qh5 27. Qxh5 Nxh5 28. Kc2 Nf6 29. Nf3 Rxd1 30. Rxd1 Rd8 31. Rxd8+ Kxd8 32. Ne5 Ke7 33. Kd3 g6 34. a4 Bxe5 35. Bxe5 Ng4 36. Bd4 e5 37. f3 Nh2 38. Bxe5 Nxf3 39. Bc3 h5 40. c5 Ke6 41. Kc4 f6 42. b5 g5 43. c6 axb5+ 44. Kxb5 bxc6+ 45. Kxc6 gxh4 46. gxh4 Nxh4 47. a5 Nf5 48. a6 1-0


[Site "https://www.chess.com"]

[Event "Titled Tuesday Blitz June 20 Early 2023"]
[White "Suarez Uriel, Adrian"]
[Black "Begmuratov, Alisher"]
[WhiteFideId "22230874"]
[BlackFideId "14203367"]
[WhiteElo "2331"]
[BlackElo "2387"]
[Result "0-1"]
[Round "2"]
[TimeControl "180+2"]
[Date "2023.06.20"]
[WhiteClock "0:00:16"]
[BlackClock "0:01:16"]
[Board "96"]

1. d4 d5 2. c4 e6 3. Nf3 Nf6 4. Nc3 Be7 5. Bg5 O-O 6. e3 Nbd7 7. Rc1 c6 8. Bd3 dxc4 9. Bxc4 Nd5 10. Bxe7 Qxe7 11. O-O b6 12. e4 Nxc3 13. Rxc3 Bb7 14. e5 Rfd8 15. Nd2 c5 16. Rg3 cxd4 17. Qg4 g6 18. Re1 Rac8 19. h4 Qb4 20. Bxe6 Qxd2 21. Rd1 Rc1 22. Bxf7+ Kxf7 23. e6+ Kg8 24. Rxc1 Qxc1+ 25. Kh2 Ne5 26. Qe2 Qf4 27. h5 d3 28. Qd1 Re8 29. hxg6 hxg6 30. Qb3 Ng4+ 31. Kh3 Nxf2+ 32. Kh2 Qh4+ 0-1


[Site "https://www.chess.com"]

[Event "Titled Tuesday Blitz June 20 Early 2023"]
[White "Kucuksari, Kaan"]
[Black "FREDERICKtheMATE"]
[WhiteFideId "6380166"]
[WhiteElo "2364"]
[BlackElo "2396"]
[Result "1-0"]
[Round "2"]
[TimeControl "180+2"]
[Date "2023.06.20"]
[WhiteClock "0:00:03"]
[BlackClock "0:01:16"]
[Board "97"]

1. e4 c5 2. Nf3 Nc6 3. Nc3 g6 4. d4 cxd4 5. Nxd4 Bg7 6. Nb3 Nf6 7. Be2 O-O 8. O-O d6 9. Be3 Be6 10. Qd2 a6 11. Rfd1 b5 12. Nd4 Nxd4 13. Bxd4 b4 14. Nd5 Nxe4 15. Qxb4 Bxd5 16. Bxg7 Kxg7 17. Rxd5 Nf6 18. Rdd1 Qc7 19. c4 Rab8 20. Qc3 Qb6 21. b3 Rfc8 22. Bf3 a5 23. Re1 Rc7 24. Re3 Qb4 25. Qd4 e5 26. Qd1 a4 27. bxa4 Qxc4 28. Qxd6 e4 29. Bxe4 Nxe4 30. Qe5+ Nf6 31. h3 Re8 32. Qg3 Rxe3 33. Qxe3 Qxa4 34. Qe5 Qe4 35. Qxc7 Qd4 36. Qc1 Ne4 37. Qe1 Nxf2 38. Kh2 Qf4+ 39. g3 Qd4 40. Rc1 Ne4 41. Rc2 Qd3 42. Qe2 Qxg3+ 43. Kh1 Qxh3+ 44. Kg1 Ng3 45. Qe5+ Kh6 46. Rh2 1-0


[Site "https://www.chess.com"]

[Event "Titled Tuesday Blitz June 20 Early 2023"]
[White "Goryachkina, Aleksandra"]
[Black "Goldin, Roman"]
[WhiteFideId "4147103"]
[BlackFideId "2803860"]
[WhiteElo "2471"]
[BlackElo "2312"]
[Result "1-0"]
[Round "2"]
[TimeControl "180+2"]
[Date "2023.06.20"]
[WhiteClock "0:00:13"]
[BlackClock "0:00:00"]
[Board "98"]

1. e4 Nc6 2. Nc3 e5 3. Nf3 g6 4. d4 exd4 5. Nxd4 Bg7 6. Be3 Nf6 7. Nxc6 bxc6 8. Bc4 O-O 9. O-O Re8 10. Bb3 Nxe4 11. Nxe4 Rxe4 12. Bxf7+ Kh8 13. Bb3 d5 14. Re1 Bf5 15. c3 Re8 16. Qd2 a5 17. Ba4 Qd7 18. Bd4 Rxe1+ 19. Rxe1 Re8 20. Bxg7+ Kxg7 21. h3 Re6 22. Qd4+ Kg8 23. Rxe6 Qxe6 24. b4 axb4 25. cxb4 Qe1+ 26. Kh2 Qe6 27. a3 h5 28. Qf4 Qd7 29. Bb3 Kg7 30. Qd4+ Kf7 31. a4 Qd6+ 32. Kg1 Qe6 33. a5 Qe1+ 34. Kh2 Be4 35. f3 1-0


[Site "https://www.chess.com"]

[Event "Titled Tuesday Blitz June 20 Early 2023"]
[White "i_like_explosions"]
[Black "Vaibhav Jayant Raut"]
[BlackFideId "5089034"]
[WhiteElo "2395"]
[BlackElo "2156"]
[Result "1/2-1/2"]
[Round "2"]
[TimeControl "180+2"]
[Date "2023.06.20"]
[WhiteClock "0:00:19"]
[BlackClock "0:00:05"]
[Board "99"]

1. d4 Nf6 2. Bg5 e6 3. e4 h6 4. Bxf6 Qxf6 5. Nc3 d6 6. Qd2 c6 7. O-O-O e5 8. Nf3 Nd7 9. Bc4 Be7 10. dxe5 Nxe5 11. Nxe5 dxe5 12. Kb1 O-O 13. f3 b5 14. Bb3 a5 15. a4 Bb4 16. Qd3 Rb8 17. axb5 Bxc3 18. Qxc3 Rxb5 19. Rd2 Rb4 20. Rhd1 Bb7 21. Qc5 Rb5 22. Qxf8+ Kxf8 23. Rd8+ Qxd8 24. Rxd8+ Ke7 25. Rg8 g6 26. Rg7 Rxb3 27. cxb3 Kf8 28. Rh7 h5 29. Rh8+ Ke7 30. Rb8 Ba6 31. g3 Be2 32. f4 Bd3+ 33. Kc1 Bxe4 34. fxe5 Bd5 35. b4 axb4 36. Rxb4 Ke6 37. Rf4 Kxe5 38. Kd2 f5 39. h4 Kf6 40. Ke3 g5 41. hxg5+ Kxg5 42. Rb4 Bg2 43. Rc4 Be4 44. b4 Kg4 45. Kf2 h4 46. gxh4 Kxh4 47. Rc3 Kg4 48. Rg3+ Kf4 49. Rg8 Ke5 50. Rd8 Bd5 51. Re8+ Kd4 52. Kg3 Kc4 53. Rb8 Be4 54. Kf4 Kd4 55. Rb6 Kc4 56. Ke5 Kd3 57. Kf4 Kd4 58. Rb8 Kd5 59. Rb6 Kc4 60. Ke3 Kd5 61. Rb8 Ke5 62. Re8+ Kd6 63. Kf4 Kc7 64. Rxe4 fxe4 65. Kxe4 Kb6 66. Kd4 Kb5 67. Kc3 c5 68. bxc5 Kxc5 1/2-1/2


[Site "https://www.chess.com"]

[Event "Titled Tuesday Blitz June 20 Early 2023"]
[White "Fajdetic, Hrvoje"]
[Black "Agibileg, Uurtsaikh"]
[WhiteFideId "14501945"]
[BlackFideId "4901606"]
[WhiteElo "2185"]
[BlackElo "2353"]
[Result "1/2-1/2"]
[Round "2"]
[TimeControl "180+2"]
[Date "2023.06.20"]
[WhiteClock "0:00:05"]
[BlackClock "0:00:19"]
[Board "100"]

1. d4 Nf6 2. Bf4 g6 3. Nc3 d5 4. e3 Bg7 5. h4 O-O 6. h5 c6 7. hxg6 hxg6 8. Qd2 Qb6 9. O-O-O Nbd7 10. e4 dxe4 11. Bh6 Ng4 12. Bxg7 Kxg7 13. Qg5 Ndf6 14. f3 Rh8 15. Rxh8 Kxh8 16. fxg4 Bxg4 17. Be2 Bxe2 18. Ngxe2 Kg7 19. Rh1 Rh8 20. Rxh8 Kxh8 21. Qe5 Qb4 22. g4 Qd6 23. Qxd6 exd6 24. g5 Nh7 25. Nxe4 d5 26. Nc5 Nxg5 27. Nxb7 Ne6 28. Na5 f5 29. Nxc6 f4 30. Ne7 g5 31. Nxd5 f3 32. Ng3 Nxd4 33. c4 Kg7 34. c5 Kf7 35. Kd2 Ke6 36. Ne3 a5 37. Ne4 g4 38. Nxg4 Kd5 39. Ngf2 Nc6 40. Ke3 Ne5 41. a3 Nc4+ 42. Kxf3 Nxb2 43. Ke3 Nc4+ 44. Kd3 Nxa3 45. Kc3 Nb5+ 46. Kb3 Nd4+ 47. Ka4 Ne6 48. Kxa5 Nxc5 49. Nxc5 1/2-1/2


[Site "https://www.chess.com"]

[Event "Titled Tuesday Blitz June 20 Early 2023"]
[White "Nagare Kaivalya Sandip"]
[Black "Bogaudinov, Rushan"]
[WhiteFideId "25957929"]
[BlackFideId "4129288"]
[WhiteElo "2024"]
[BlackElo "1967"]
[Result "1-0"]
[Round "2"]
[TimeControl "180+2"]
[Date "2023.06.20"]
[WhiteClock "0:01:29"]
[BlackClock "0:00:00"]
[Board "101"]

1. e4 c5 2. Nf3 e6 3. d4 cxd4 4. Nxd4 a6 5. Bd3 Qc7 6. O-O Nf6 7. Qe2 Nc6 8. Nxc6 Qxc6 9. c4 d6 10. Nc3 Be7 11. Bg5 Qc7 12. f4 Bd7 13. e5 Ng8 14. exd6 Bxd6 15. Ne4 Ne7 16. Rad1 Bc5+ 17. Kh1 h6 18. Bh4 Nf5 19. Nxc5 Qxc5 20. Bf2 Qe7 21. Rfe1 g6 22. g4 Bc6+ 23. Be4 Nh4 24. Bxc6+ bxc6 25. Qe5 O-O 26. Bc5 Qb7 27. Qf6 g5 28. fxg5 hxg5 29. Re5 Ng6 30. Rxg5 e5 31. Qxe5 Rfe8 32. Qf6 Qc7 33. Bd4 Kf8 34. Qg7+ Ke7 35. Bc5+ Ke6 36. Re1+ Ne5 37. Rgxe5+ Qxe5 38. Rxe5+ 1-0


[Site "https://www.chess.com"]

[Event "Titled Tuesday Blitz June 20 Early 2023"]
[White "Bueno, Alfeu Junior Varela"]
[Black "Arabidze, Meri"]
[WhiteFideId "2108879"]
[BlackFideId "13604040"]
[WhiteElo "2175"]
[BlackElo "2405"]
[Result "0-1"]
[Round "2"]
[TimeControl "180+2"]
[Date "2023.06.20"]
[WhiteClock "0:00:04"]
[BlackClock "0:00:49"]
[Board "102"]

1. e4 c5 2. Nc3 e6 3. f4 a6 4. g3 Nc6 5. Bg2 b5 6. e5 Bb7 7. Ne4 Qc7 8. d3 Be7 9. Be3 Nd4 10. Nf3 Nxf3+ 11. Qxf3 Bd5 12. c4 Bc6 13. Qe2 Rc8 14. O-O f5 15. exf6 Nxf6 16. Nxf6+ Bxf6 17. cxb5 axb5 18. Rac1 Bxg2 19. Qxg2 d6 20. Qe4 Qe7 21. b4 O-O 22. Rfe1 d5 23. Qf3 cxb4 24. f5 Bc3 25. Re2 Rxf5 26. Qg4 Rcf8 27. Bd4 Bxd4+ 28. Qxd4 Qf7 29. Rc6 Rf1+ 30. Kg2 Qf3+ 31. Kh3 Qxe2 32. Rc7 Qh5+ 33. Qh4 Qxh4+ 34. Kxh4 R1f7 0-1


[Site "https://www.chess.com"]

[Event "Titled Tuesday Blitz June 20 Early 2023"]
[White "Soham Kamotra"]
[Black "Kovacsy, Barnabas"]
[WhiteFideId "46647490"]
[BlackFideId "769290"]
[WhiteElo "2209"]
[BlackElo "2130"]
[Result "1-0"]
[Round "2"]
[TimeControl "180+2"]
[Date "2023.06.20"]
[WhiteClock "0:00:20"]
[BlackClock "0:00:19"]
[Board "103"]

1. d4 Nf6 2. Bg5 Ne4 3. h4 d5 4. e3 h6 5. Bf4 Bf5 6. Nd2 e6 7. Ngf3 Bd6 8. Ne5 Nd7 9. Ndf3 Ndf6 10. Be2 O-O 11. O-O Ng4 12. c4 c6 13. Rc1 Nxe5 14. dxe5 Be7 15. Nd4 dxc4 16. f3 Nc5 17. Nxf5 exf5 18. Rxc4 Ne6 19. Qc2 Nxf4 20. Rxf4 Qb6 21. Qc3 g6 22. Kf2 Rad8 23. Bc4 Kh7 24. h5 Bg5 25. hxg6+ fxg6 26. Rd4 Rfe8 27. Rxd8 Rxd8 28. f4 Be7 29. Qc2 Bb4 30. Bd3 Bc5 31. Qe2 Rd5 32. Rd1 Qd8 33. g3 Kg7 34. b3 h5 35. Bc2 h4 36. Rxd5 cxd5 37. g4 Qd7 38. gxf5 gxf5 39. Qh5 Qf7 40. Qg5+ Qg6 41. Qxh4 Kf7 42. Qg3 Qxg3+ 43. Kxg3 Bxe3 44. Bxf5 d4 45. Bd3 Ke6 46. Kf3 Bd2 47. Ke4 Be3 48. f5+ Ke7 49. Bc4 a6 50. f6+ Kf8 51. a4 Bf2 52. Kf5 b5 53. axb5 axb5 54. Bxb5 Bg3 55. Bc4 Bh2 56. e6 Bd6 57. e7+ Bxe7 58. fxe7+ Kxe7 59. Ke4 Kd6 60. Kxd4 Kc7 61. Kc3 Kb6 62. Kb4 Kc7 63. Bb5 Kb6 64. Ka4 Ka7 65. Ka5 Kb7 66. Ba6+ Ka7 67. Kb5 Kb8 68. Kb6 Ka8 69. Be2 Kb8 70. b4 Ka8 71. b5 Kb8 72. Ka6 Ka8 73. b6 Kb8 74. b7 Kc7 75. Ka7 Kd6 76. b8=Q+ Kc5 77. Qb3 Kd4 78. Qd3+ Kc5 79. Qe4 Kd6 80. Qf5 Kc7 81. Qe6 Kd8 82. Qf7 Kc8 83. Bg4+ Kd8 84. Qd7# 1-0


[Site "https://www.chess.com"]

[Event "Titled Tuesday Blitz June 20 Early 2023"]
[White "Kvaloy, Aksel Bu"]
[Black "Rodriguez Polo, Mateo"]
[WhiteFideId "1528815"]
[BlackFideId "24509396"]
[WhiteElo "2318"]
[BlackElo "2117"]
[Result "1-0"]
[Round "2"]
[TimeControl "180+2"]
[Date "2023.06.20"]
[WhiteClock "0:00:32"]
[BlackClock "0:00:00"]
[Board "104"]

1. e4 e5 2. Nf3 Nc6 3. Nc3 Nf6 4. d4 exd4 5. Nxd4 Bb4 6. Nxc6 bxc6 7. Bd3 O-O 8. O-O d5 9. Bd2 Bxc3 10. Bxc3 dxe4 11. Bxf6 Qxf6 12. Bxe4 Ba6 13. Re1 Qxb2 14. Qh5 g6 15. Qc5 Qf6 16. Qxc6 Qxc6 17. Bxc6 Rad8 18. Rad1 Bc4 19. a3 Be6 20. f3 Rxd1 21. Rxd1 Rb8 22. Bd7 Rb6 23. Kf2 Bxd7 24. Rxd7 Rc6 25. Rd8+ Kg7 26. Ra8 Ra6 27. Rc8 Rc6 28. Ra8 Ra6 29. c4 Rxa3 30. Rc8 Ra2+ 31. Kg3 a5 32. Rxc7 a4 33. Ra7 a3 34. c5 Rc2 35. Rxa3 Rxc5 36. h4 h5 37. Ra4 Rc2 38. Kh3 Rb2 39. Rc4 Rb3 40. Kh2 Ra3 41. Kg1 Ra2 42. Re4 Kf6 43. Kf1 Kf5 44. Rb4 Rc2 45. Kg1 f6 46. Kh2 g5 47. Kg3 gxh4+ 48. Rxh4 Kg5 49. Ra4 Rb2 50. Ra5+ Kg6 51. Kh3 Rb3 52. Ra4 Rc3 53. Rb4 Ra3 54. Rf4 Rb3 55. g3 Ra3 56. Kg2 Ra2+ 57. Kg1 Ra1+ 58. Kf2 Ra2+ 59. Ke3 Rg2 60. g4 h4 61. Rf5 h3 62. Rh5 h2 63. Kf4 Ra2 64. Kg3 Ra4 65. Rxh2 Ra3 66. Rb2 Ra4 67. Rb3 Ra5 68. Rb4 Ra3 69. Kf4 Ra5 70. Rb6 Ra4+ 71. Kg3 Ra3 72. Rb4 Rc3 73. Rf4 Ra3 74. Rb4 Rc3 75. Ra4 Rb3 76. Ra5 Rc3 77. Rf5 Rb3 78. Rf4 Ra3 79. Rd4 Rb3 80. Kf4 Ra3 81. Ke4 Rb3 82. Ra4 Rc3 83. f4 Rc1 84. Ra3 Re1+ 85. Re3 Rg1 86. Kf3 Rf1+ 87. Kg3 Rg1+ 88. Kh3 Rf1 89. Re4 Rf3+ 90. Kg2 Ra3 91. Kf2 Ra2+ 92. Kf3 Ra3+ 93. Re3 Ra4 94. Kg3 Ra2 95. Re8 Ra4 96. Re7 Ra3+ 97. Kh4 Ra4 98. f5+ Kh6 99. Re6 Kg7 100. Kh5 Ra1 101. Re7+ Kf8 102. Rb7 Rg1 103. Ra7 Rg2 104. Kg6 Rxg4+ 105. Kxf6 Ke8 106. Ra8+ Kd7 107. Kf7 Rg1 108. f6 Rh1 109. Ra4 Rh6 110. Rd4+ Kc8 111. Kg7 Rh1 112. f7 Rg1+ 113. Kf8 Rf1 114. Rg4 Kd7 115. Kg7 Ke7 116. Re4+ Kd8 117. f8=Q+ 1-0


[Site "https://www.chess.com"]

[Event "Titled Tuesday Blitz June 20 Early 2023"]
[White "Munkhgal, Gombosuren"]
[Black "Antonio, Jorge Carlos"]
[WhiteFideId "4901266"]
[BlackFideId "113190"]
[WhiteElo "2528"]
[BlackElo "2247"]
[Result "1-0"]
[Round "2"]
[TimeControl "180+2"]
[Date "2023.06.20"]
[WhiteClock "0:00:36"]
[BlackClock "0:00:51"]
[Board "105"]

1. d4 d5 2. Bf4 c6 3. e3 Nf6 4. Nf3 g6 5. h4 h5 6. Ne5 Bg7 7. Nc3 Nbd7 8. Be2 O-O 9. f3 Nxe5 10. dxe5 Nd7 11. e6 fxe6 12. g4 e5 13. Bg5 Nf6 14. Qd3 e4 15. fxe4 Nxe4 16. Nxe4 dxe4 17. Qc4+ Qd5 18. Qb4 Qd6 19. Qxd6 exd6 20. gxh5 gxh5 21. Bxh5 Bxb2 22. Rg1 Kh7 23. Rb1 Bc3+ 24. Ke2 Be6 25. Rxb7+ Kh8 26. Bf4 d5 27. Bg6 Bg7 28. Be5 Rg8 29. h5 Rab8 30. Rxg7 Rxg7 31. h6 1-0


[Site "https://www.chess.com"]

[Event "Titled Tuesday Blitz June 20 Early 2023"]
[White "Wang, Alexander J"]
[Black "Sadykov, Ramil"]
[WhiteFideId "30955270"]
[BlackFideId "24113590"]
[WhiteElo "2280"]
[BlackElo "2245"]
[Result "0-1"]
[Round "2"]
[TimeControl "180+2"]
[Date "2023.06.20"]
[WhiteClock "0:00:00"]
[BlackClock "0:00:12"]
[Board "106"]

1. e4 c5 2. Nf3 e6 3. d4 cxd4 4. Nxd4 Nf6 5. Nc3 Bb4 6. Bd2 Nc6 7. Nde2 O-O 8. g3 d5 9. exd5 exd5 10. Bg2 d4 11. Nb1 Re8 12. O-O Bg4 13. f3 Bc5 14. Kh1 Bf5 15. Nf4 Rc8 16. Na3 Ne5 17. Re1 Bxa3 18. bxa3 Bxc2 19. Qe2 Nd3 20. Qf1 Nxe1 21. Rxe1 Rxe1 22. Qxe1 Nd5 23. Nxd5 Qxd5 24. f4 Qxa2 25. Bxb7 Rb8 26. Bb4 h6 27. Bc6 a5 28. Qe5 Rc8 29. Bb7 Qc4 30. Kg2 axb4 31. Bxc8 Qxc8 32. axb4 Qd7 33. Kf2 d3 34. Qb8+ Kh7 0-1


[Site "https://www.chess.com"]

[Event "Titled Tuesday Blitz June 20 Early 2023"]
[White "Koshulyan, Egor A."]
[Black "Zaichenko, Daria"]
[WhiteFideId "24237000"]
[BlackFideId "4197453"]
[WhiteElo "2216"]
[BlackElo "2039"]
[Result "1-0"]
[Round "2"]
[TimeControl "180+2"]
[Date "2023.06.20"]
[WhiteClock "0:00:46"]
[BlackClock "0:00:57"]
[Board "107"]

1. e4 c5 2. Nf3 Nc6 3. d4 cxd4 4. Nxd4 Nf6 5. Nc3 d6 6. Bg5 Bd7 7. Qd2 a6 8. O-O-O e6 9. f3 Be7 10. h4 b5 11. Nxc6 Bxc6 12. Ne2 d5 13. Nd4 Bb7 14. e5 Nd7 15. f4 Bxg5 16. hxg5 Nc5 17. f5 Ne4 18. Qb4 Qxg5+ 19. Kb1 Nf2 20. Bxb5+ axb5 21. Qxb5+ Kf8 22. Qxb7 Re8 23. Rdf1 Qd2 24. fxe6 fxe6 25. Nb3 Qe2 26. Qa7 Re7 27. Rxf2+ 1-0


[Site "https://www.chess.com"]

[Event "Titled Tuesday Blitz June 20 Early 2023"]
[White "Druska, Juraj"]
[Black "Larina, Maria"]
[WhiteFideId "14915650"]
[BlackFideId "24113182"]
[WhiteElo "2415"]
[BlackElo "1848"]
[Result "1-0"]
[Round "2"]
[TimeControl "180+2"]
[Date "2023.06.20"]
[WhiteClock "0:00:14"]
[BlackClock "0:00:00"]
[Board "108"]

1. b4 e5 2. Bb2 d6 3. e3 g6 4. d4 Nd7 5. Nf3 Bg7 6. g3 Nh6 7. Bg2 O-O 8. O-O f6 9. c4 Nf7 10. Nc3 c6 11. a4 e4 12. Nd2 f5 13. c5 d5 14. b5 g5 15. a5 a6 16. bxc6 bxc6 17. Na4 Rb8 18. Nb6 Nf6 19. Qa4 Qc7 20. Rfb1 f4 21. Bc1 fxe3 22. fxe3 Ng4 23. Nf1 Nfh6 24. Nxc8 Rfxc8 25. Rb6 Ra8 26. Rab1 Ra7 27. Bh3 Qf7 28. Qc2 Rf8 29. Rb8 Ra8 30. Rxa8 Rxa8 31. Qe2 Qe6 32. Rb6 Rf8 33. Rxa6 Qf6 34. Rb6 Nf2 35. Bg2 Nd3 36. Bd2 g4 37. a6 Nf5 38. a7 Nxd4 39. exd4 Qxd4+ 40. Be3 Qa1 41. Rb8 Qxa7 42. Rxf8+ Bxf8 43. Qxg4+ Bg7 44. Bd4 Qf7 45. Bh3 Qf8 46. Qe6+ Kh8 47. Bxg7+ Qxg7 48. Qc8+ Qg8 49. Qxc6 Ne5 50. Qf6+ Qg7 51. Qd8+ Qg8 52. Qxg8+ Kxg8 53. Be6+ Kg7 54. Bxd5 Nd7 55. c6 1-0


[Site "https://www.chess.com"]

[Event "Titled Tuesday Blitz June 20 Early 2023"]
[White "Kev4444444444"]
[Black "Jia, Haoxiang"]
[BlackFideId "8602999"]
[WhiteElo "2172"]
[BlackElo "2645"]
[Result "1-0"]
[Round "2"]
[TimeControl "180+2"]
[Date "2023.06.20"]
[WhiteClock "0:00:41"]
[BlackClock "0:00:55"]
[Board "109"]

1. d4 Nf6 2. c4 g6 3. g3 Bg7 4. Bg2 O-O 5. Nc3 d6 6. Nf3 Nc6 7. O-O a6 8. b3 Rb8 9. d5 Na5 10. Bg5 b5 11. cxb5 axb5 12. b4 Nc4 13. Qb3 Bd7 14. a4 Nb6 15. axb5 e6 16. Nd4 exd5 17. Nxd5 Nbxd5 18. Bxd5 Bxb5 19. Nxb5 Rxb5 20. Ra5 Qb8 21. Rxb5 Qxb5 22. Bxf6 Bxf6 23. e3 Kg7 24. Rc1 Rc8 25. Bxf7 c5 26. Be6 Rb8 27. Qd5 cxb4 28. Rc7+ Kh8 29. Qxd6 Qe5 30. Qd7 Bg7 31. Rc8+ 1-0


[Site "https://www.chess.com"]

[Event "Titled Tuesday Blitz June 20 Early 2023"]
[White "Ashraf, Artin"]
[Black "Baruch, Liam"]
[WhiteFideId "22514805"]
[BlackFideId "14322064"]
[WhiteElo "2224"]
[BlackElo "2123"]
[Result "1-0"]
[Round "2"]
[TimeControl "180+2"]
[Date "2023.06.20"]
[WhiteClock "0:00:19"]
[BlackClock "0:00:35"]
[Board "110"]

1. c4 e6 2. Nf3 d5 3. e3 Nf6 4. Nc3 c5 5. d4 Nc6 6. a3 Be7 7. dxc5 Bxc5 8. b4 Be7 9. Bb2 O-O 10. Qc2 b6 11. cxd5 Nxd5 12. Rd1 Bd6 13. Nxd5 exd5 14. Qxc6 Be6 15. Qc3 f6 16. Be2 Rc8 17. Qd2 Kh8 18. O-O Qc7 19. h3 Qd7 20. Nd4 Bf7 21. Bg4 Qe8 22. Bxc8 Qxc8 23. Rc1 Qd7 24. Qc2 Bb8 25. Qc6 Qe7 26. Nf5 Qe4 27. Qxf6 Rg8 28. Rc8 Qxg2+ 29. Kxg2 gxf6+ 30. Rxg8+ Kxg8 31. Nh6+ Kg7 32. Nxf7 Kxf7 33. Rc1 Ke7 34. Rc8 Bd6 35. Ra8 a5 36. Ra7+ Ke6 37. bxa5 bxa5 38. Ra6 h5 39. Bxf6 h4 40. Bxh4 a4 41. Bg3 d4 42. Rxd6+ Kf5 43. Rxd4 Kg5 44. Rxa4 Kf5 45. Rd4 Kg5 46. a4 Kf5 47. a5 Kg5 48. a6 Kf5 49. a7 Kg5 50. a8=Q Kf5 51. Qe4+ Kg5 52. Bh4+ Kh5 53. Rd5+ Kh6 54. Qe6+ Kg7 55. Bf6+ Kf8 56. Bg5 Kg7 57. h4 Kh8 58. h5 Kg7 59. Rd7+ Kh8 60. Qf5 Kg8 61. h6 Kh8 62. Bf6+ Kg8 63. h7+ Kf8 64. h8=Q# 1-0


[Site "https://www.chess.com"]

[Event "Titled Tuesday Blitz June 20 Early 2023"]
[White "Tsukerman, Julia"]
[Black "Jakubowski, Krzysztof"]
[WhiteFideId "2621649"]
[BlackFideId "1112848"]
[WhiteElo "1667"]
[BlackElo "2359"]
[Result "1-0"]
[Round "2"]
[TimeControl "180+2"]
[Date "2023.06.20"]
[WhiteClock "0:00:07"]
[BlackClock "0:00:43"]
[Board "111"]

1. e4 c6 2. d4 d5 3. exd5 cxd5 4. Bd3 Nc6 5. c3 Nf6 6. Nf3 Bg4 7. O-O e6 8. Nbd2 Bd6 9. Qe1 Qc7 10. h3 Bh5 11. Qe3 Bf4 12. Qe1 Bg6 13. Qe2 O-O 14. Bxg6 hxg6 15. Re1 Rab8 16. g3 Bd6 17. Ne5 b5 18. Ndf3 Bxe5 19. dxe5 Ne4 20. Bf4 Na5 21. h4 Qc4 22. Qe3 b4 23. Ng5 Nxg5 24. Bxg5 bxc3 25. bxc3 Rb7 26. Qf3 Rc8 27. Re3 Rb2 28. h5 gxh5 29. Qxh5 Rxa2 30. Rc1 Nb3 31. Rd1 Nd2 32. g4 Qa4 33. Rde1 Ra1 34. Rh3 Rxe1+ 35. Kh2 Nf1+ 36. Kg1 Qe4 37. Qh8# 1-0


[Site "https://www.chess.com"]

[Event "Titled Tuesday Blitz June 20 Early 2023"]
[White "Weishaeutel, Moritz"]
[Black "Aung Thant Zin"]
[WhiteFideId "12967300"]
[BlackFideId "13000063"]
[WhiteElo "2301"]
[BlackElo "2278"]
[Result "1-0"]
[Round "2"]
[TimeControl "180+2"]
[Date "2023.06.20"]
[WhiteClock "0:02:23"]
[BlackClock "0:01:27"]
[Board "112"]

1. e4 c5 2. Nf3 Nc6 3. b4 cxb4 4. d4 d5 5. exd5 Qxd5 6. c4 bxc3 7. Nxc3 Qa5 8. Bd2 e5 9. d5 Nb4 10. a3 Na6 11. Bb5+ Bd7 12. Bxd7+ Kxd7 13. Nxe5+ Ke8 14. Qf3 Nf6 15. O-O Bd6 16. Nc4 Qd8 17. Nb5 Bb8 18. Rfe1+ Kf8 19. d6 h6 20. Qxb7 1-0


[Site "https://www.chess.com"]

[Event "Titled Tuesday Blitz June 20 Early 2023"]
[White "luachess1"]
[Black "Fiorito, Joaquin"]
[BlackFideId "180173"]
[WhiteElo "1618"]
[BlackElo "2199"]
[Result "0-1"]
[Round "2"]
[TimeControl "180+2"]
[Date "2023.06.20"]
[WhiteClock "0:00:00"]
[BlackClock "0:02:01"]
[Board "113"]

1. d4 Nf6 2. c4 e6 3. Nc3 Bb4 4. Nf3 d5 5. e3 O-O 6. Qc2 b6 7. Be2 Bb7 8. O-O Nbd7 9. a3 Bd6 10. b4 dxc4 11. Nb5 Be7 12. Qxc4 a6 13. Nc3 Rc8 14. Qb3 Bd6 15. Bb2 Qe7 16. Rac1 e5 17. dxe5 Nxe5 18. Nd4 Neg4 19. Bxg4 Nxg4 20. Nf5 Bxh2+ 21. Kh1 Qg5 22. Ng3 Bxg3 0-1


[Site "https://www.chess.com"]

[Event "Titled Tuesday Blitz June 20 Early 2023"]
[White "Ismagilov, Damir"]
[Black "Oparin, Grigoriy"]
[WhiteFideId "34199982"]
[BlackFideId "24125890"]
[WhiteElo "2104"]
[BlackElo "2647"]
[Result "0-1"]
[Round "2"]
[TimeControl "180+2"]
[Date "2023.06.20"]
[WhiteClock "0:00:00"]
[BlackClock "0:00:11"]
[Board "114"]

1. e4 c5 2. Nf3 Nc6 3. Bb5 g6 4. Bxc6 bxc6 5. O-O Bg7 6. d3 e5 7. a3 a5 8. Qe1 d6 9. Qc3 Ne7 10. Nbd2 O-O 11. Nc4 Be6 12. h3 h6 13. a4 f5 14. b3 g5 15. Nh2 Ng6 16. f3 Nf4 17. Kh1 Ra7 18. Be3 h5 19. Qe1 Bf6 20. Bd2 Rh7 21. Bxa5 Qd7 22. Bd2 g4 23. Bxf4 exf4 24. e5 dxe5 25. Nxe5 Qd6 26. d4 g3 27. dxc5 Qxe5 28. Qxe5 Bxe5 29. Rae1 Bc4 30. bxc4 Bc3 31. Re6 gxh2 32. Rxc6 Re7 33. Kxh2 Be1 34. Rd6 Rc8 35. c6 Kf7 36. Rd7 Bg3+ 37. Kg1 Rxc6 38. Rxe7+ Kxe7 39. a5 Ra6 40. Ra1 Kd6 41. Kf1 Kc5 42. Ke2 Kxc4 43. Kd2 Rd6+ 44. Ke2 Ra6 45. Kd2 Bh4 46. Ke2 Kb5 47. Kd3 Rd6+ 48. Ke2 Ra6 49. Kd3 Bf6 50. c4+ Kc5 51. Ra4 h4 52. Kc2 Bd4 53. Kd3 Be3 54. Kc3 Kc6 55. Kb4 Bc5+ 56. Kc3 Kb7 57. Ra2 Re6 58. Rb2+ Kc6 59. Rb5 Re3+ 60. Kb2 Re2+ 61. Kb3 Rxg2 62. a6 Rg3 63. Kb2 Rg2+ 64. Kb3 Rg1 65. Ra5 Rg7 66. Kc3 Re7 67. Kc2 Re2+ 68. Kd3 Re3+ 69. Kc2 Ba7 70. Rxf5 Rxf3 71. Rf6+ Kc5 72. Rf7 Kb6 73. Rf6+ Ka5 74. c5 Bxc5 75. Rf5 Kb4 0-1


[Site "https://www.chess.com"]

[Event "Titled Tuesday Blitz June 20 Early 2023"]
[White "Richter, Paul"]
[Black "Andreikin, Dmitry"]
[WhiteFideId "2046350"]
[BlackFideId "4158814"]
[WhiteElo "2523"]
[BlackElo "2736"]
[Result "0-1"]
[Round "2"]
[TimeControl "180+2"]
[Date "2023.06.20"]
[WhiteClock "0:00:14"]
[BlackClock "0:01:56"]
[Board "115"]

1. e4 c5 2. Nf3 d6 3. d4 cxd4 4. Nxd4 Nf6 5. Nc3 g6 6. Be3 Nc6 7. f3 h5 8. Qd2 Nxd4 9. Bxd4 Bh6 10. Be3 Bxe3 11. Qxe3 Be6 12. Bb5+ Kf8 13. O-O-O Qa5 14. Ba4 Rc8 15. Bb3 Bxb3 16. axb3 Qa1+ 17. Nb1 Kg7 18. Rd4 Qa5 19. Ra4 Qe5 20. Rxa7 d5 21. Rd1 dxe4 22. Nc3 Qxh2 23. Rxb7 Qxg2 24. fxe4 Rhd8 25. Rxd8 Rxd8 26. Qe1 Ng4 27. Nd5 e6 28. Ne3 Nxe3 29. Qc3+ Kg8 0-1


[Site "https://www.chess.com"]